 Dungeon Crawl Stone Soup version 0.28-a0-1524-ge72afd5fc6 (webtiles) character file.

Game seed: 16926019196925963159

32 psuckher the Sneak (level 3, -3/30 HPs)
             Began as a Barachi Delver on Jan 17, 2022.
             Slain by a wyvern zombie (10 damage)
             ... on level 5 of the Dungeon.
             The game lasted 00:00:50 (142 turns).

psuckher the Sneak (Barachi Delver)                  Turns: 142, Time: 00:00:50

Health: -3/30      AC:  3    Str: 15    XL:     3   Next: 27%
Magic:  3/3        EV: 12    Int: 10    God:
Gold:   0          SH:  0    Dex: 13    Spells: 2/2 levels left

rFire   . . .      SeeInvis .   a - +0 falchion
rCold   . . .      Faith    .   (no shield)
rNeg    . . .      Spirit   .   b - +0 leather armour
rPois   .          Reflect  .   (no helmet)
rElec   .          Harm     .   (no cloak)
rCorr   .          Rampage  .   (no gloves)
Will    .....                   (no boots)
Stlth   +++.......              (no amulet)
HPRegen 0.10/turn               (no ring)
MPRegen 0.08/turn               (no ring)

@: slow
A: amphibious, slowness 1, strong legs 1, +LOS
a: Hop


You were on level 5 of the Dungeon.
You visited 1 branch of the dungeon, and saw 1 of its levels.

Inventory:

Hand Weapons
 a - a +0 falchion (weapon)
Armour
 b - a +0 leather armour (worn)
Wands
 g - a wand of digging (3)
Scrolls
 c - a scroll of fog
 d - a scroll of teleportation {unknown}
Potions
 f - a potion of haste


   Skills:
 + Level 3.8 Fighting
 + Level 2.7 Long Blades
 + Level 2.3 Dodging
 + Level 5.2 Stealth


You had 2 spell levels left.
You didn't know any spells.
Your spell library was empty.

Dungeon Overview and Level Annotations

Branches:
Dungeon (5/15)
 Temple: D:4-7

Altars:

Shops:
D:5 ![:


Innate Abilities, Weirdness & Mutations

You are amphibious.
You cover ground slowly.
You can hop short distances.
You have an extended range of vision and can be seen from far away.


Message History

The centaur zombie barely misses you. The centaur zombie closely misses you.
You hit the centaur zombie.
The centaur zombie is severely damaged.
The centaur zombie hits you but does no damage.
The centaur zombie misses you.
The centaur zombie hits you but does no damage.
The centaur zombie kicks you but does no damage.
You hit the centaur zombie.
The centaur zombie is almost destroyed.
The centaur zombie closely misses you.
The centaur zombie kicks you but does no damage.
You hit the centaur zombie.
The centaur zombie is almost destroyed.
The centaur zombie completely misses you.
The centaur zombie barely misses you. x2
The centaur zombie kicks you but does no damage.
You hit the centaur zombie.
You destroy the centaur zombie!
Your Stealth skill increases to level 5!
You have reached level 2!
You have reached level 3!
Your experience leads to an increase in your attributes!
Increase (S)trength, (I)ntelligence, or (D)exterity?
You feel stronger. x2
d - a scroll labelled SESILUZ ZOXEOH
Found Cysug's Distillery.
A wyvern zombie comes into view.
The wyvern zombie barely misses you. The wyvern zombie misses you.
The wyvern zombie closely misses you. The wyvern zombie misses you.
You slash the wyvern zombie!
The wyvern zombie is moderately damaged.
The wyvern zombie bites you. The wyvern zombie bites you!
* * * LOW HITPOINT WARNING * * *
As you read the scroll of fear, it crumbles to dust.
You assume a fearsome visage.
The wyvern zombie is unaffected.
The wyvern zombie barely misses you.
The wyvern zombie completely misses you.
The wyvern zombie bites you!
You die...

,,#.....#,,,*.....,,*,,,**,,,,,*#
,,+.....#,,,*....,,,*,,,**,,,,,*#
,,#...#.#####....,,,*,,,,,,,,,,,,
**#....∩.......,,,,,*,,,**,,,,,,,
,,#...#.#....###+###*,,,**,,,,,,.
,,#..........#.....+,,,,**,,,,,*#
,,#..........#.....#,,,,**,,,,,##
###............Z...#,,,,,*,,,,,#.
........#...#...@..#,,,,,*,,,,,#.
.........#.#....?..#,,,,,*,,,,,#.
..........∩......###*,,,**,,,,,*#
.........#.#.....####+#####+#####
........#...#...........'........
........................#........
........#...............#........
........#########################
#########


You could see a wyvern zombie.

Vanquished Creatures
  A centaur zombie (D:5)
  A quokka (D:5)
2 creatures vanquished.

Notes
Turn   | Place    | Note
-------+----------+-------------------------------------------
     0 | D:5      | psuckher the Barachi Delver began the quest for the Orb.
     0 | D:5      | Reached XP level 1. HP: 18/18 MP: 1/1
    27 | D:5      | Found Qogu's Book Emporium.
    76 | D:5      | Found Weunge's Antique Armour Shop.
   108 | D:5      | Reached skill level 5 in Stealth
   108 | D:5      | Reached XP level 2. HP: 12/25 MP: 2/2
   108 | D:5      | Reached XP level 3. HP: 14/30 MP: 3/3
   120 | D:5      | Found Cysug's Distillery.
   142 | D:5      | Slain by a wyvern zombie

Illustrated notes

Levels and vault maps discovered:
D:5:      layout_gridville, serial_shops, nicolae_shop_crystal,
          nicolae_stop_n_shop_1, nicolae_shop_advertising_works
          [nicolae_subvault_shop_adworks], nicolae_shop_window_shopping,
          water_maze_lemuel, uniq_ijyb

Skill      XL: |  1 |
---------------+----+-----
Stealth        | 5 |  5.2
Fighting       | |  3.8
Long Blades    | |  2.7
Dodging        | |  2.3

Action                   || total
-------------------------++-------
Melee: Falchion          ||    14
  Use: Scroll            ||     2
Armor: Leather armour    ||     6
Dodge: Dodged            ||    27

Table legend: (Time is in decaauts)
 A = Elapsed time spent in this place.
 B = Non-inter-level travel time spent in this place.
 C = Inter-level travel time spent in this place.
 D = Time resting spent in this place.
 E = Time spent auto-exploring this place.
 F = Levels seen in this place.
 G = Mean time per level.
                   A        B        C        D        E       F      G
               +--------+--------+--------+--------+--------+-----+--------+
         Total |    168 |    168 |      0 |      0 |      0 |   1 |  168.0 |
       Dungeon |    168 |    168 |      0 |      0 |      0 |   1 |  168.0 |
               +--------+--------+--------+--------+--------+-----+--------+

Top non-repeatable levels by time:
     D:5: 168 daAuts
